[Event "FIDE World Senior-Women CC 2023"]
[Site "Terrasini"]
[Date "2023.10.25"]
[Round "1.1"]
[White "Gaprindashvili, Nona"]
[Black "Kierzek, Mira"]
[Result "1-0"]
[ECO "D10"]
[WhiteElo "2267"]
[BlackElo "1941"]
[Annotator "ChessBase"]
[PlyCount "79"]
[EventDate "2023.10.22"]
[EventType "swiss"]
[EventCountry "ITA"]
[SourceTitle "playchess.com"]
[Source "ChessBase"]
[SourceQuality "1"]
[TimeControl "40/5400+30:1800+30"]

1. d4 d5 2. c4 c6 3. cxd5 cxd5 4. Bf4 Nc6 5. e3 Nf6 6. Nc3 a6 7. a3 Bf5 8. Nf3 e6 9. Qb3 Ra7 10. Ne5 Be7 11. Be2 O-O 12. O-O Nxe5 13. Bxe5 b5 14. Bxf6 gxf6 15. Rac1 Rc7 16. Na2 Bd6 17. Nb4 Bxb4 18. axb4 Qd6 19. Rc5 Rxc5 20. bxc5 Qc6 21. Qc3 Re8 22. b4 Kg7 23. Ra1 e5 24. Bf3 e4 25. Be2 Bc8 26. f3 f5 27. fxe4 fxe4 28. Qe1 Kh8 29. Qf2 f5 30. Qf4 Qg6 31. Rf1 h6 32. Bd1 Re7 33. Bb3 Qe6 34. g3 Kh7 35. Qh4 Bb7 36. Rxf5 Rg7 37. Rf6 Qg4 38. Rxh6+ Kg8 39. Qxg4 Rxg4 40. Rb6 1-0

[Event "FIDE World Senior-Women CC 2023"]
[Site "Terrasini"]
[Date "2023.10.25"]
[Round "1.2"]
[White "Leszner, Liliana"]
[Black "Klinova, Masha"]
[Result "0-1"]
[ECO "B06"]
[WhiteElo "1891"]
[BlackElo "2249"]
[Annotator "ChessBase"]
[PlyCount "84"]
[EventDate "2023.10.22"]
[EventType "swiss"]
[EventCountry "ITA"]
[SourceTitle "playchess.com"]
[Source "ChessBase"]
[SourceQuality "1"]
[TimeControl "40/5400+30:1800+30"]

1. e4 d6 2. d4 Nf6 3. Nc3 g6 4. f3 a6 5. a4 Bg7 6. Be3 Nc6 7. Bc4 O-O 8. Qd2 e5 9. Nge2 exd4 10. Nxd4 Nxd4 11. Bxd4 Be6 12. Be2 Qe7 13. O-O Rad8 14. Rae1 Rfe8 15. Nd5 Bxd5 16. exd5 Qd7 17. b3 Qf5 18. c4 Nd7 19. Bf2 Nc5 20. Qa2 a5 21. Bh4 Bf6 22. g4 Qf4 23. Bg3 Qe3+ 24. Bf2 Qxb3 25. Qxb3 Nxb3 26. Bd3 Nd2 27. Rxe8+ Rxe8 28. Rc1 Nxf3+ 29. Kg2 Ne5 30. Be2 b6 31. Bg3 Nd7 32. Kf3 Bd4 33. Bf4 Nc5 34. Bd1 Be5 35. Bc2 Bxf4 36. Kxf4 Re2 37. h3 Rd2 38. h4 Rd4+ 39. Kg5 Kg7 40. h5 h6+ 41. Kh4 g5+ 42. Kg3 Rxc4 0-1

[Event "FIDE World Senior-Women CC 2023"]
[Site "Terrasini"]
[Date "2023.10.25"]
[Round "1.3"]
[White "Calzetta Ruiz, Monica"]
[Black "Ni, Polina"]
[Result "0-1"]
[ECO "B45"]
[WhiteElo "2239"]
[BlackElo "1866"]
[Annotator "ChessBase"]
[PlyCount "82"]
[EventDate "2023.10.22"]
[EventType "swiss"]
[EventCountry "ITA"]
[SourceTitle "playchess.com"]
[Source "ChessBase"]
[SourceQuality "1"]
[TimeControl "40/5400+30:1800+30"]

1. e4 c5 2. Nf3 e6 3. d4 cxd4 4. Nxd4 Nf6 5. Nc3 Nc6 6. a3 d5 7. exd5 Nxd5 8. Nxd5 Qxd5 9. Be3 Nxd4 10. Qxd4 Qxd4 11. Bxd4 Bd7 12. O-O-O Bc6 13. h4 f6 14. Bc4 Bxg2 15. Rhe1 Bh3 16. Rd3 Bf5 17. Rf3 Bg4 18. Rg3 h5 19. Rc3 Bd6 20. Bd5 Ke7 21. Bxb7 Rab8 22. Bc6 Bf4+ 23. Kb1 Bd2 24. Rg1 Bxc3 25. Bxc3 Rhc8 26. Bb4+ Rxb4 27. axb4 Rxc6 28. f3 Bxf3 29. Rxg7+ Kd6 30. Rxa7 Be4 31. b5 Rxc2 32. Ka2 Rc7 33. Ra6+ Kc5 34. Ka3 Bd5 35. Ka4 f5 36. b4+ Kd4 37. Ka5 f4 38. b6 Rb7 39. Ra8 f3 40. Rf8 Ke3 41. b5 f2 0-1

[Event "FIDE World Senior-Women CC 2023"]
[Site "Terrasini"]
[Date "2023.10.25"]
[Round "1.4"]
[White "Baliuniene, Margarita"]
[Black "Mikhaylova, Irina"]
[Result "1/2-1/2"]
[ECO "D94"]
[WhiteElo "1865"]
[BlackElo "2216"]
[Annotator "RC"]
[PlyCount "54"]
[EventDate "2023.10.22"]
[EventType "swiss"]
[EventCountry "ITA"]
[SourceTitle "playchess.com"]
[Source "ChessBase"]
[SourceQuality "1"]
[TimeControl "40/5400+30:1800+30"]

1. d4 Nf6 2. c4 g6 3. Nc3 d5 4. e3 Bg7 5. Nf3 O-O 6. cxd5 Nxd5 7. Bc4 Nb6 8. Bb3 c5 9. O-O cxd4 10. exd4 Bg4 11. Be3 Nc6 12. h3 Bxf3 13. Qxf3 Na5 14. Rfd1 Nbc4 15. Bxc4 Nxc4 16. b3 Nxe3 17. fxe3 Rc8 18. Rac1 Qd7 19. Qd5 Rfd8 20. Qxd7 Rxd7 21. Nb5 Ra8 22. Kf2 f5 23. Ke2 Kf7 24. Rc2 a6 25. Na3 b5 26. Rc6 Raa7 27. Nc2 Rac7 1/2-1/2

[Event "FIDE World Senior-Women CC 2023"]
[Site "Terrasini"]
[Date "2023.10.25"]
[Round "1.5"]
[White "Tereladze, Sopio"]
[Black "Pancu, Aureliana-Eugenia"]
[Result "1-0"]
[ECO "C13"]
[WhiteElo "2215"]
[BlackElo "1865"]
[Annotator "ChessBase"]
[PlyCount "65"]
[EventDate "2023.10.22"]
[EventType "swiss"]
[EventCountry "ITA"]
[SourceTitle "playchess.com"]
[Source "ChessBase"]
[SourceQuality "1"]
[TimeControl "40/5400+30:1800+30"]

1. e4 e6 2. d4 d5 3. Nc3 Nf6 4. Bg5 dxe4 5. Nxe4 Be7 6. Nxf6+ Bxf6 7. Bxf6 Qxf6 8. Nf3 O-O 9. Bd3 c5 10. Qe2 Nc6 11. Qe4 g6 12. dxc5 Qxb2 13. O-O Qf6 14. Rfe1 Bd7 15. Rab1 Rab8 16. Nd2 e5 17. Qe3 Bf5 18. Bxf5 gxf5 19. Nc4 Rfe8 20. Nd6 Re7 21. c3 Qg6 22. f4 b6 23. Qf3 e4 24. Qh3 Rd7 25. Nxf5 Rd3 26. Ng3 Rxc3 27. f5 Qg5 28. Rxe4 Rc1+ 29. Nf1 h5 30. Rxc1 Qxc1 31. Qxh5 Qxc5+ 32. Kh1 Qc3 33. Qh6 1-0

[Event "FIDE World Senior-Women CC 2023"]
[Site "Terrasini"]
[Date "2023.10.26"]
[Round "2.1"]
[White "Wagner-Michel, Annett"]
[Black "Gaprindashvili, Nona"]
[Result "1/2-1/2"]
[ECO "B42"]
[WhiteElo "2033"]
[BlackElo "2267"]
[Annotator "RC"]
[PlyCount "71"]
[EventDate "2023.10.22"]
[EventType "swiss"]
[EventCountry "ITA"]
[SourceTitle "playchess.com"]
[Source "ChessBase"]
[SourceQuality "1"]
[TimeControl "40/5400+30:1800+30"]

1. e4 b6 2. d4 Bb7 3. Bd3 e6 4. Nf3 c5 5. c4 cxd4 6. Nxd4 Nc6 7. Nxc6 Bxc6 8. O-O d6 9. Nc3 Nf6 10. Qe2 Be7 11. b3 O-O 12. Bb2 Qc7 13. Rac1 Rad8 14. Nd5 Bxd5 15. cxd5 Qb7 16. Ba6 Qb8 17. dxe6 fxe6 18. Bc4 d5 19. exd5 exd5 20. Qxe7 Rf7 21. Qe2 Re8 22. Qd3 dxc4 23. Rxc4 b5 24. Rh4 Rd7 25. Qh3 Qb7 26. Qf5 Qd5 27. Qxd5+ Rxd5 28. Bxf6 gxf6 29. Rf4 Kg7 30. g4 Re2 31. a4 Rb2 32. axb5 Rxb5 33. Ra1 a5 34. Rfa4 Rb4 35. h3 R2xb3 36. Rxa5 1/2-1/2

[Event "FIDE World Senior-Women CC 2023"]
[Site "Terrasini"]
[Date "2023.10.26"]
[Round "2.2"]
[White "Klinova, Masha"]
[Black "Makropoulou, Marina"]
[Result "1-0"]
[ECO "B51"]
[WhiteElo "2249"]
[BlackElo "2081"]
[Annotator "RC"]
[PlyCount "125"]
[EventDate "2023.10.22"]
[EventType "swiss"]
[EventCountry "ITA"]
[SourceTitle "playchess.com"]
[Source "ChessBase"]
[SourceQuality "1"]
[TimeControl "40/5400+30:1800+30"]

1. e4 c5 2. Nf3 d6 3. Bb5+ Nd7 4. O-O a6 5. Bxd7+ Bxd7 6. d4 cxd4 7. Qxd4 Rc8 8. a4 e5 9. Qd3 Qc7 10. Nc3 Be6 11. Rd1 Qc4 12. Qxc4 Rxc4 13. Be3 h6 14. Nd2 Rc8 15. Nf1 Nf6 16. f3 Be7 17. Bf2 O-O 18. Ne3 Rfe8 19. a5 g6 20. Na4 Nd7 21. b3 f5 22. c4 Nc5 23. Nxc5 dxc5 24. Nd5 Kf7 25. Ra2 Red8 26. Rad2 Bxd5 27. Rxd5 Rxd5 28. Rxd5 Ke6 29. Kf1 Bd6 30. Ke2 Rc6 31. Kd3 Rc8 32. exf5+ gxf5 33. g4 fxg4 34. fxg4 Rf8 35. Ke2 Rc8 36. Be3 Bf8 37. Kf3 Bd6 38. h3 Rf8+ 39. Ke2 Rf6 40. Bxc5 Bxc5 41. Rxc5 Rf7 42. b4 h5 43. gxh5 Rh7 44. b5 axb5 45. cxb5 Kd6 46. Rc3 Rxh5 47. a6 bxa6 48. bxa6 Rh7 49. Ra3 Ra7 50. Ke3 Kc7 51. h4 Kb8 52. Kf3 Rg7 53. a7+ Ka8 54. Ra4 Rg1 55. h5 Rh1 56. Kg4 Rg1+ 57. Kf5 Rf1+ 58. Kg5 Rg1+ 59. Rg4 Rh1 60. h6 Kxa7 61. Rh4 Rg1+ 62. Kh5 Rg8 63. h7 1-0

[Event "FIDE World Senior-Women CC 2023"]
[Site "Terrasini"]
[Date "2023.10.26"]
[Round "2.3"]
[White "Folkova, Martina"]
[Black "Tereladze, Sopio"]
[Result "1-0"]
[ECO "C88"]
[WhiteElo "2022"]
[BlackElo "2215"]
[Annotator "RC"]
[PlyCount "87"]
[EventDate "2023.10.22"]
[EventType "swiss"]
[EventCountry "ITA"]
[SourceTitle "playchess.com"]
[Source "ChessBase"]
[SourceQuality "1"]
[TimeControl "40/5400+30:1800+30"]

1. e4 e5 2. Nf3 Nc6 3. Bb5 a6 4. Ba4 Nf6 5. O-O Be7 6. Re1 b5 7. Bb3 O-O 8. a4 b4 9. d4 d6 10. dxe5 dxe5 11. Nbd2 Bb7 12. a5 Bc5 13. h3 Qe7 14. Qe2 Rad8 15. c3 Nh5 16. Bc4 Rd6 17. Nb3 Ba7 18. Bg5 Qe8 19. Be3 Bxe3 20. Qxe3 bxc3 21. bxc3 Nf4 22. Nc5 Bc8 23. Bf1 Qe7 24. Kh2 Rh6 25. Nd3 g5 26. Ng1 Qf6 27. f3 Qg6 28. Nf2 Kh8 29. Ng4 Rh5 30. Ne2 Nxe2 31. Bxe2 Qe6 32. Qc5 Kg7 33. Red1 Re8 34. Rd5 Rh4 35. Bc4 Qg6 36. Nxe5 Nxe5 37. Rxe5 Rxe5 38. Qxe5+ Qf6 39. Qxf6+ Kxf6 40. Kg3 Rh6 41. Rb1 Ke7 42. Rb8 Kd7 43. Bxf7 Rc6 44. Bh5 1-0

[Event "FIDE World Senior-Women CC 2023"]
[Site "Terrasini"]
[Date "2023.10.26"]
[Round "2.4"]
[White "Burchardt, Brigitte"]
[Black "Khropova, Larisa"]
[Result "1/2-1/2"]
[ECO "B23"]
[WhiteElo "2124"]
[BlackElo "2054"]
[Annotator "NA RC"]
[PlyCount "28"]
[EventDate "2023.10.22"]
[EventType "swiss"]
[EventCountry "ITA"]
[SourceTitle "playchess.com"]
[Source "ChessBase"]
[SourceQuality "1"]
[TimeControl "40/5400+30:1800+30"]

1. e4 c5 2. Nc3 e6 3. g3 d5 4. d3 d4 5. Nce2 e5 6. f4 Nc6 7. Nf3 f6 8. Bg2 Bd6 9. O-O Bd7 10. c3 Qb6 11. Kh1 O-O-O 12. Nd2 Be6 13. Qc2 Kb8 14. a3 Qa6 1/2-1/2

[Event "FIDE World Senior-Women CC 2023"]
[Site "Terrasini"]
[Date "2023.10.26"]
[Round "2.5"]
[White "Ni, Polina"]
[Black "Strutinskaia, Galina"]
[Result "0-1"]
[ECO "B30"]
[WhiteElo "1866"]
[BlackElo "2114"]
[Annotator "NA RC"]
[PlyCount "76"]
[EventDate "2023.10.22"]
[EventType "swiss"]
[EventCountry "ITA"]
[SourceTitle "playchess.com"]
[Source "ChessBase"]
[SourceQuality "1"]
[TimeControl "40/5400+30:1800+30"]

1. e4 c5 2. Nf3 Nc6 3. Bb5 e6 4. Bxc6 bxc6 5. b3 Ne7 6. O-O Ng6 7. Bb2 f6 8. c4 Be7 9. Nc3 O-O 10. Ne2 e5 11. h4 d6 12. h5 Nh8 13. Nh2 f5 14. f4 exf4 15. e5 Nf7 16. Nf3 Qc7 17. exd6 Bxd6 18. d4 Re8 19. Qd2 a5 20. Rae1 Bd7 21. dxc5 Bxc5+ 22. Bd4 Bxd4+ 23. Nfxd4 Rad8 24. Qxf4 Qa7 25. Nc3 Nh6 26. Kh1 Qc5 27. Nf3 Ng4 28. Qd4 Qf8 29. Rxe8 Qxe8 30. Ng5 Qxh5+ 31. Nh3 Qh4 32. Qf4 Re8 33. a3 h6 34. c5 Re3 35. Rf3 Qe1+ 36. Rf1 Qxc3 37. Qd6 Qd3 38. Qxd3 Rxd3 0-1

[Event "FIDE World Senior-Women CC 2023"]
[Site "Terrasini"]
[Date "2023.10.27"]
[Round "3.1"]
[White "Krasenkowa, Elena"]
[Black "Klinova, Masha"]
[Result "0-1"]
[ECO "A42"]
[WhiteElo "2089"]
[BlackElo "2249"]
[Annotator "ChessBase"]
[PlyCount "126"]
[EventDate "2023.10.22"]
[EventType "swiss"]
[EventCountry "ITA"]
[SourceTitle "playchess.com"]
[Source "ChessBase"]
[SourceQuality "1"]
[TimeControl "40/5400+30:1800+30"]

1. d4 d6 2. Nf3 g6 3. c4 Bg7 4. Nc3 Nc6 5. e4 Bg4 6. Be3 e5 7. dxe5 dxe5 8. h3 Bxf3 9. Qxf3 Nd4 10. Qd1 Nf6 11. Be2 O-O 12. O-O c6 13. Re1 Ne8 14. Rb1 Nc7 15. b4 Nce6 16. Bf1 Qf6 17. b5 Rfd8 18. Qc1 Rd7 19. bxc6 bxc6 20. a4 a5 21. Rb6 Bf8 22. Qb2 Bb4 23. Rc1 Qd8 24. Rxb4 axb4 25. Qxb4 Rb8 26. Qa3 Qa5 27. Ne2 Rb3 28. Qa2 Qb4 29. Nxd4 exd4 30. Bd2 Rb2 31. Bxb4 Rxa2 32. Rd1 Rxa4 33. Bd2 Kg7 34. f4 Nc5 35. e5 Rda7 36. f5 gxf5 37. Bg5 Ne4 38. Bf6+ Nxf6 39. exf6+ Kxf6 40. Rxd4 Ke5 41. Rd2 Ra1 42. Re2+ Kf6 43. Rf2 R7a2 44. Rf3 Ra3 45. Rf2 R1a2 46. Rf4 Kg5 47. Rd4 Re3 48. Rd1 f4 49. Kh1 h5 50. Kg1 f3 51. gxf3 Rxf3 52. Kh1 Rfa3 53. Rd7 f5 54. Bg2 Rc3 55. Rd1 Rxc4 56. Rg1 Kh4 57. Rf1 Rcc2 58. Bf3 Rf2 59. Rxf2 Rxf2 60. Bxc6 Kxh3 61. Kg1 Kg3 62. Bd5 Rd2 63. Bb3 Rb2 0-1

[Event "FIDE World Senior-Women CC 2023"]
[Site "Terrasini"]
[Date "2023.10.27"]
[Round "3.2"]
[White "Strutinskaia, Galina"]
[Black "Folkova, Martina"]
[Result "1-0"]
[ECO "A13"]
[WhiteElo "2114"]
[BlackElo "2022"]
[Annotator "NA"]
[PlyCount "77"]
[EventDate "2023.10.22"]
[EventType "swiss"]
[EventCountry "ITA"]
[SourceTitle "playchess.com"]
[Source "ChessBase"]
[SourceQuality "1"]
[TimeControl "40/5400+30:1800+30"]

1. c4 e6 2. g3 d5 3. Bg2 dxc4 4. Qa4+ Nd7 5. Qxc4 c5 6. Nf3 a6 7. Qc2 Ngf6 8. O-O g6 9. b3 Bg7 10. Bb2 O-O 11. a4 Re8 12. Na3 e5 13. d3 Qe7 14. Nd2 h5 15. Nac4 h4 16. Rfc1 hxg3 17. hxg3 Rb8 18. a5 Bh6 19. e3 Ng4 20. Ne4 f5 21. Ned6 Rf8 22. f4 Kh7 23. Re1 Bg7 24. Bf3 Ndf6 25. Nxc8 Rbxc8 26. Nxe5 Rh8 27. Kg2 Nxe5 28. Bxe5 Nh5 29. Qc3 Bxe5 30. Qxe5 Qxe5 31. fxe5 Rc7 32. Rac1 Re8 33. d4 Ree7 34. Rc4 Ng7 35. Rh1+ Kg8 36. Rhc1 Kf8 37. b4 Ne6 38. d5 cxb4 39. d6 1-0

[Event "FIDE World Senior-Women CC 2023"]
[Site "Terrasini"]
[Date "2023.10.27"]
[Round "3.3"]
[White "Gaprindashvili, Nona"]
[Black "Milligan, Helen"]
[Result "1/2-1/2"]
[ECO "E73"]
[WhiteElo "2267"]
[BlackElo "1947"]
[Annotator "ChessBase"]
[PlyCount "96"]
[EventDate "2023.10.22"]
[EventType "swiss"]
[EventCountry "ITA"]
[SourceTitle "playchess.com"]
[Source "ChessBase"]
[SourceQuality "1"]
[TimeControl "40/5400+30:1800+30"]

1. d4 Nf6 2. c4 g6 3. Nc3 Bg7 4. e4 d6 5. Be2 O-O 6. Bg5 Na6 7. Qd2 e5 8. d5 c6 9. f3 cxd5 10. cxd5 Bd7 11. Be3 Nh5 12. O-O-O Nf4 13. Bf1 f5 14. Kb1 Nc7 15. Nge2 Nxe2 16. Bxe2 f4 17. Bf2 Bf6 18. Rhf1 Qe8 19. Rc1 Bd8 20. Bd3 Nb5 21. Ne2 a5 22. Rc2 a4 23. Rfc1 Ba5 24. Qd1 Qd8 25. Qg1 Kg7 26. Ka1 Rf7 27. Rc4 a3 28. b4 Bc7 29. R4c2 Be8 30. Rc4 Ra6 31. R1c2 Bb6 32. Rc8 Bxf2 33. Rxd8 Bxg1 34. Rxe8 Nd4 35. Nxg1 Nxc2+ 36. Bxc2 Rc7 37. Kb1 Rb6 38. Ne2 Rxb4+ 39. Bb3 Rxb3+ 40. axb3 a2+ 41. Ka1 Rc2 42. Nxf4 exf4 43. Re6 Rxg2 44. Rxd6 g5 45. h3 h5 46. Rd7+ Kg6 47. Rd6+ Kg7 48. Rd7+ Kg6 1/2-1/2

[Event "FIDE World Senior-Women CC 2023"]
[Site "Terrasini"]
[Date "2023.10.27"]
[Round "3.4"]
[White "Khropova, Larisa"]
[Black "Mikhaylova, Irina"]
[Result "1/2-1/2"]
[ECO "B38"]
[WhiteElo "2054"]
[BlackElo "2216"]
[Annotator "ChessBase"]
[PlyCount "103"]
[EventDate "2023.10.22"]
[EventType "swiss"]
[EventCountry "ITA"]
[SourceTitle "playchess.com"]
[Source "ChessBase"]
[SourceQuality "1"]
[TimeControl "40/5400+30:1800+30"]

1. Nf3 Nf6 2. c4 c5 3. Nc3 g6 4. e4 Bg7 5. d4 cxd4 6. Nxd4 d6 7. Be2 Nc6 8. Be3 O-O 9. O-O a6 10. h3 Nxd4 11. Bxd4 Be6 12. Qd2 Qa5 13. Rfd1 Rfc8 14. b3 b5 15. cxb5 axb5 16. f3 b4 17. Na4 Nd7 18. Rac1 Bxd4+ 19. Qxd4 Rxc1 20. Rxc1 Qg5 21. Rc2 Bxh3 22. Bf1 Be6 23. Qxb4 Qe3+ 24. Kh1 Nf6 25. Qd2 Qa7 26. Qf2 Qa5 27. Qd2 Qe5 28. Kg1 d5 29. Nb6 Rb8 30. Nxd5 Bxd5 31. exd5 Nxd5 32. Bc4 Nb4 33. Rb2 Nc6 34. Qe2 Qd4+ 35. Qf2 Qd1+ 36. Qf1 Qd6 37. Qf2 Rd8 38. a4 Qf4 39. g3 Qc1+ 40. Kg2 Ne5 41. Rc2 Qd1 42. Qe2 Nxc4 43. bxc4 Qxe2+ 44. Rxe2 Ra8 45. Ra2 Rc8 46. a5 Rxc4 47. a6 Rc8 48. a7 Ra8 49. f4 Kf8 50. g4 Ke8 51. g5 f6 52. Kf3 1/2-1/2

[Event "FIDE World Senior-Women CC 2023"]
[Site "Terrasini"]
[Date "2023.10.27"]
[Round "3.5"]
[White "Wagner-Michel, Annett"]
[Black "Burchardt, Brigitte"]
[Result "1/2-1/2"]
[ECO "C50"]
[WhiteElo "2033"]
[BlackElo "2124"]
[Annotator "NA RC"]
[PlyCount "20"]
[EventDate "2023.10.22"]
[EventType "swiss"]
[EventCountry "ITA"]
[SourceTitle "playchess.com"]
[Source "ChessBase"]
[SourceQuality "1"]
[TimeControl "40/5400+30:1800+30"]

1. e4 e5 2. Nf3 Nc6 3. Bc4 Bc5 4. d3 h6 5. O-O d6 6. h3 Nf6 7. Nc3 O-O 8. a3 a6 9. Qe2 Qe7 10. Be3 Bxe3 1/2-1/2

[Event "FIDE World Senior-Women CC 2023"]
[Site "Terrasini"]
[Date "2023.10.28"]
[Round "4.1"]
[White "Klinova, Masha"]
[Black "Strutinskaia, Galina"]
[Result "1/2-1/2"]
[ECO "B51"]
[WhiteElo "2249"]
[BlackElo "2114"]
[Annotator "ChessBase"]
[PlyCount "116"]
[EventDate "2023.10.22"]
[EventType "swiss"]
[EventCountry "ITA"]
[SourceTitle "playchess.com"]
[Source "ChessBase"]
[SourceQuality "1"]
[TimeControl "40/5400+30:1800+30"]

1. e4 c5 2. Nf3 Nc6 3. Bb5 d6 4. Bxc6+ bxc6 5. O-O e5 6. c3 Bg4 7. h3 Bxf3 8. Qxf3 Be7 9. Rd1 Bf6 10. d3 Rb8 11. Nd2 Ne7 12. Nf1 Ng6 13. b3 O-O 14. Ng3 Rb7 15. Be3 Bg5 16. d4 cxd4 17. cxd4 h6 18. Rac1 exd4 19. Rxd4 Qa5 20. Bxg5 hxg5 21. Qe2 d5 22. Qd2 Qb6 23. exd5 cxd5 24. Rxd5 f6 25. Rd7 Nf4 26. Rd6 Qb5 27. Rd8 Rxd8 28. Qxd8+ Kh7 29. Qd4 Re7 30. Qc4 Qe5 31. Qc2+ g6 32. Rd1 Rc7 33. Qe4 Qc5 34. Qe8 Qe7 35. Qxe7+ Rxe7 36. f3 f5 37. Kf2 a5 38. Rd2 Ra7 39. Ne2 a4 40. Nxf4 gxf4 41. Ke2 a3 42. Kd3 Rc7 43. b4 Rc1 44. Rc2 Rb1 45. Kc4 Rb2 46. Kc3 Rb1 47. Rd2 Kh6 48. Rd3 Rb2 49. Kc4 Rxa2 50. Kb3 Rxg2 51. Kxa3 Rh2 52. b5 Rxh3 53. b6 Kg5 54. Kb4 Rh8 55. Rd6 Rg8 56. Kc5 Kh4 57. b7 Rb8 58. Kc6 g5 1/2-1/2

[Event "FIDE World Senior-Women CC 2023"]
[Site "Terrasini"]
[Date "2023.10.28"]
[Round "4.2"]
[White "Bogumil, Tatiana"]
[Black "Gaprindashvili, Nona"]
[Result "1/2-1/2"]
[ECO "B06"]
[WhiteElo "2080"]
[BlackElo "2267"]
[Annotator "ChessBase"]
[PlyCount "103"]
[EventDate "2023.10.22"]
[EventType "swiss"]
[EventCountry "ITA"]
[SourceTitle "playchess.com"]
[Source "ChessBase"]
[SourceQuality "1"]
[TimeControl "40/5400+30:1800+30"]

1. e4 g6 2. d4 c6 3. Be3 d5 4. e5 Nh6 5. h4 Nf5 6. h5 Nxe3 7. fxe3 Bh6 8. Qf3 Bf5 9. Bd3 Qd7 10. hxg6 hxg6 11. Bxf5 Qxf5 12. Qxf5 gxf5 13. Rh3 Nd7 14. Nd2 e6 15. Ne2 Ke7 16. Kf2 f6 17. Rah1 Bg7 18. Rxh8 Rxh8 19. Rxh8 Bxh8 20. exf6+ Nxf6 21. Nf4 Ng4+ 22. Kf3 Kd6 23. Ng6 Bg7 24. c4 Bh6 25. c5+ Kd7 26. Nf1 Kc7 27. b4 b6 28. Ke2 bxc5 29. bxc5 Kb7 30. Ne7 Bg5 31. Ng6 Ka6 32. Nf8 e5 33. Ne6 Bf6 34. Ng3 Nxe3 35. Kxe3 f4+ 36. Nxf4 exf4+ 37. Kxf4 Bxd4 38. Nf5 Bxc5 39. g4 Kb5 40. g5 Kc4 41. g6 Bf8 42. Ke3 Kc3 43. Ke2 d4 44. Kd1 c5 45. g7 Bxg7 46. Nxg7 Kb2 47. Ne6 c4 48. Nxd4 c3 49. a4 a5 50. Nc2 Kb3 51. Nd4+ Kxa4 52. Kc2 1/2-1/2

[Event "FIDE World Senior-Women CC 2023"]
[Site "Terrasini"]
[Date "2023.10.28"]
[Round "4.3"]
[White "Folkova, Martina"]
[Black "Calzetta Ruiz, Monica"]
[Result "0-1"]
[ECO "C58"]
[WhiteElo "2022"]
[BlackElo "2239"]
[Annotator "ChessBase"]
[PlyCount "54"]
[EventDate "2023.10.22"]
[EventType "swiss"]
[EventCountry "ITA"]
[SourceTitle "playchess.com"]
[Source "ChessBase"]
[SourceQuality "1"]
[TimeControl "40/5400+30:1800+30"]

1. e4 e5 2. Nf3 Nc6 3. Bc4 Nf6 4. Ng5 d5 5. exd5 Na5 6. Bb5+ c6 7. dxc6 bxc6 8. Bf1 h6 9. Nf3 e4 10. Ng1 Bc5 11. Nc3 Bg4 12. f3 exf3 13. Nxf3 O-O 14. Be2 Bxf3 15. Bxf3 Re8+ 16. Ne2 Qd4 17. Rf1 Qh4+ 18. g3 Qxh2 19. d4 Qxg3+ 20. Kd2 Qg5+ 21. Kc3 Nd5+ 22. Bxd5 Qxd5 23. b3 Rxe2 24. dxc5 Qe5+ 25. Kb4 Rb8+ 26. Ka3 Nc4+ 27. Ka4 Qxc5 0-1

[Event "FIDE World Senior-Women CC 2023"]
[Site "Terrasini"]
[Date "2023.10.28"]
[Round "4.4"]
[White "Mikhaylova, Irina"]
[Black "Wagner-Michel, Annett"]
[Result "1-0"]
[ECO "E11"]
[WhiteElo "2216"]
[BlackElo "2033"]
[Annotator "ChessBase"]
[PlyCount "77"]
[EventDate "2023.10.22"]
[EventType "swiss"]
[EventCountry "ITA"]
[SourceTitle "playchess.com"]
[Source "ChessBase"]
[SourceQuality "1"]
[TimeControl "40/5400+30:1800+30"]

1. d4 Nf6 2. Nf3 e6 3. c4 Bb4+ 4. Nbd2 a5 5. g3 d5 6. Bg2 dxc4 7. Qc2 Nbd7 8. O-O Bxd2 9. Bxd2 Nb6 10. b3 c3 11. Bxc3 Nbd5 12. Rac1 Nxc3 13. Qxc3 Nd5 14. Qd2 O-O 15. e4 Ne7 16. Qc3 c6 17. Ne5 f6 18. Nd3 b6 19. Rfd1 Bd7 20. h4 Kh8 21. Nf4 f5 22. d5 cxd5 23. exd5 Rc8 24. Qe5 Rxc1 25. Rxc1 exd5 26. Re1 Nc6 27. Qxd5 Nb4 28. Qd6 Bc8 29. Rd1 Qxd6 30. Rxd6 Nxa2 31. Rxb6 Nc1 32. Rb8 g5 33. hxg5 Kg7 34. Bd5 Re8 35. Kh2 Kf8 36. Ra8 Bd7 37. Rxa5 Rb8 38. Ra7 Ke8 39. Nh5 1-0

[Event "FIDE World Senior-Women CC 2023"]
[Site "Terrasini"]
[Date "2023.10.28"]
[Round "4.5"]
[White "Burchardt, Brigitte"]
[Black "Makropoulou, Marina"]
[Result "1/2-1/2"]
[ECO "C24"]
[WhiteElo "2124"]
[BlackElo "2081"]
[Annotator "NA"]
[PlyCount "30"]
[EventDate "2023.10.22"]
[EventType "swiss"]
[EventCountry "ITA"]
[SourceTitle "playchess.com"]
[Source "ChessBase"]
[SourceQuality "1"]
[TimeControl "40/5400+30:1800+30"]

1. e4 e5 2. Bc4 Nf6 3. d3 c6 4. Nf3 d5 5. Bb3 a5 6. a4 Bb4+ 7. c3 Bd6 8. Nbd2 O-O 9. O-O h6 10. Re1 Re8 11. Nf1 Bc7 12. Qc2 Bg4 13. Qe2 Nbd7 14. h3 Be6 15. Bc2 Rb8 1/2-1/2

[Event "FIDE World Senior-Women CC 2023"]
[Site "Terrasini"]
[Date "2023.10.29"]
[Round "5.1"]
[White "Calzetta Ruiz, Monica"]
[Black "Klinova, Masha"]
[Result "1-0"]
[ECO "B06"]
[WhiteElo "2239"]
[BlackElo "2249"]
[Annotator "ChessBase"]
[PlyCount "99"]
[EventDate "2023.10.22"]
[EventType "swiss"]
[EventCountry "ITA"]
[SourceTitle "playchess.com"]
[Source "ChessBase"]
[SourceQuality "1"]
[TimeControl "40/5400+30:1800+30"]

1. e4 d6 2. d4 g6 3. Nc3 Bg7 4. Be3 a6 5. h4 h5 6. Qd2 Nf6 7. f3 Nc6 8. O-O-O b5 9. Kb1 e5 10. dxe5 Nxe5 11. Bg5 Be6 12. Nh3 Qd7 13. Nf4 O-O 14. Nxe6 fxe6 15. f4 b4 16. Bxf6 bxc3 17. Qxc3 Rxf6 18. fxe5 Rf4 19. Bc4 Rxe4 20. Bxe6+ Qxe6 21. Qc6 Qxe5 22. Qxa8+ Kh7 23. c3 Rb4 24. Qf3 Qxc3 25. Qxc3 Bxc3 26. b3 Be5 27. Rc1 c5 28. Rc4 Rb6 29. g4 Rb7 30. gxh5 gxh5 31. Ra4 Rb6 32. Rf1 Kg6 33. Rf8 Bf6 34. Ra8 Kf5 35. R8xa6 Rxa6 36. Rxa6 Bxh4 37. Rxd6 Bf2 38. a4 h4 39. a5 h3 40. Rd1 Kg4 41. a6 c4 42. bxc4 h2 43. Rh1 Kg3 44. Kc2 Kg2 45. Rxh2+ Kxh2 46. Kd3 Kg3 47. Ke4 Ba7 48. Kd5 Kf4 49. c5 Kf5 50. c6 1-0

[Event "FIDE World Senior-Women CC 2023"]
[Site "Terrasini"]
[Date "2023.10.29"]
[Round "5.2"]
[White "Strutinskaia, Galina"]
[Black "Mikhaylova, Irina"]
[Result "1/2-1/2"]
[ECO "A37"]
[WhiteElo "2114"]
[BlackElo "2216"]
[Annotator "RC"]
[PlyCount "34"]
[EventDate "2023.10.22"]
[EventType "swiss"]
[EventCountry "ITA"]
[SourceTitle "playchess.com"]
[Source "ChessBase"]
[SourceQuality "1"]
[TimeControl "40/5400+30:1800+30"]

1. c4 g6 2. Nc3 c5 3. g3 Bg7 4. Bg2 Nc6 5. Nf3 d6 6. d3 e6 7. Bg5 Nge7 8. O-O h6 9. Bd2 O-O 10. a3 Rb8 11. b4 b6 12. Rb1 Bb7 13. Qc1 Kh7 14. e4 Ng8 15. b5 Nd4 16. Nxd4 Bxd4 17. Ne2 Bg7 1/2-1/2